 Dungeon Crawl Stone Soup version 0.31.0-9-g3a7656b989 (webtiles) character file.

Game seed: 9247600592674412941

11 qw the Shooter (level 2, -3/14 HPs)
             Began as a Spriggan Hunter on Feb 2, 2024.
             Slain by a quokka (4 damage)
             ... on level 1 of the Dungeon.
             The game lasted 00:00:00 (128 turns).

qw the Shooter (Spriggan Hunter)                     Turns: 128, Time: 00:00:00

Health: -3/14      AC:  2    Str:  7    XL:     2   Next: 13%
Magic:  0/3        EV: 19    Int: 10    God:
Gold:   8          SH:  0    Dex: 18    Spells: 1/1 levels left

rFire   . . .        a - +0 shortbow
rCold   . . .        (shield currently unavailable)
rNeg    . . .        c - +0 robe
rPois   .            (helmet restricted)
rElec   .            (no cloak)
rCorr   .            (gloves unavailable)
SInv    +            (boots unavailable)
Will    .....        (no amulet)
Stlth   ++           (no ring)
HPRegen 0.22/turn    (no ring)
MPRegen 0.08/turn

%: no passive effects
@: very quick
A: very small, no large weapons, unfitting armour, see invisible, speed 3
a: no special abilities


You were on level 1 of the Dungeon.
You visited 1 branch of the dungeon, and saw 1 of its levels.

You collected 8 gold pieces.


Innate Abilities, Weirdness & Mutations

You are very small and have problems with some larger weapons.
You are too small for most types of armour.
You have supernaturally acute eyesight. (SInv)
You cover ground extremely quickly. (Speed+++)


   Skills:
 - Level 1.5 Fighting
 - Level 4.0 Ranged Weapons
 + Level 3.9 Dodging
 - Level 1.5 Stealth


You had one spell level left.
You didn't know any spells.
Your spell library was empty.

Inventory:

Hand Weapons
 a - a +0 shortbow (weapon)
Armour
 c - a +0 robe (worn)
Scrolls
 b - a scroll of butterflies

Dungeon Overview and Level Annotations

Branches:
Dungeon (1/15)

Altars:


Message History

You shoot an arrow. The arrow hits the hobgoblin.
You kill the hobgoblin!
A rat comes into view.
You have reached level 2!
You shoot an arrow. The arrow hits the rat!
You kill the rat!
Found 3 stones.
Found a hand axe.
A ball python comes into view.
You shoot an arrow. The arrow hits the ball python!
You kill the ball python!
A gnoll comes into view. It is wielding a +2 antimagic spear.
Found a scroll labelled GIOTWAM OFIW.
The gnoll shouts!
A bat comes into view.
The bat hits something.
Something bites the plant.
The plant begins to die.
You shoot an arrow. The arrow misses the bat.
You shoot an arrow. The arrow closely misses the bat.
The bat closely misses you.
You shoot an arrow. The arrow closely misses the gnoll.
The bat hits you but does no damage.
A rat comes into view.
You shoot an arrow. The arrow barely misses the gnoll.
The rat squeaks loudly.
The arrow hits the rat.
You kill the rat!
A nearby plant withers and dies.
A quokka comes into view.
The gnoll misses you. The bat closely misses you.
The gnoll hits you from afar with a +2 antimagic spear.
You feel your power leaking away.
The quokka moves out of view.
You shoot an arrow. The arrow completely misses the gnoll.
The bat hits you.
The gnoll hits you from afar with a +2 antimagic spear!
Ouch! That really hurt!
You shoot an arrow. The arrow hits the quokka.
The quokka is almost dead.
The bat hits you but does no damage. The quokka bites you.
You die... ..?PPP% ##%.P.P.P ......... #..P....P #..P..... #..gP..PP #br.P..PP

# #@# .# #.# ..
#.#####.#######.#
#...............###
#######.###..)....#
#.# #.#####.# #.#
#.# #.# #.# #.# #.#
.


You could see a gnoll, a quokka and a bat.

Vanquished Creatures
  2 ball pythons (D:1)
  An endoplasm (D:1)
  A giant cockroach (D:1)
  A hobgoblin (D:1)
  2 kobolds (D:1)
  A bat (D:1)
  2 rats (D:1)
10 creatures vanquished.

Notes
Turn   | Place    | Note
-------+----------+-------------------------------------------
     0 | D:1      | qw the Spriggan Hunter began the quest for the Orb.
     0 | D:1      | Reached XP level 1. HP: 10/10 MP: 2/2
     0 | D:1      | 0 ||| qw: Version: 0.3-a-155-g5e7d8dd
     0 | D:1      | 0 ||| qw: Game counter: 1412
     0 | D:1      | 0 ||| qw: Melee chars always use a shield: true
     0 | D:1      | 0 ||| qw: God list: Okawaru
     0 | D:1      | 0 ||| qw: Allow faded altars: false
     0 | D:1      | 0 ||| qw: Do Orc after clearing Dungeon:15 true
     0 | D:1      | 0 ||| qw: Do second Lair branch before Depths: true
     0 | D:1      | 0 ||| qw: Lair rune preference: random
     0 | D:1      | 0 ||| qw: Goals: Normal
     0 | D:1      | 0 ||| PLANNING D:1-11
     6 | D:1      | Reached skill level 3 in Dodging
    76 | D:1      | Reached XP level 2. HP: 14/14 MP: 3/3
   127 | D:1      | HP: 1/14 [gnoll/+2 antimagic spear (7)]
   128 | D:1      | Slain by a quokka

Levels and vault maps discovered:
D:1:      amcnicky_arrival_single_pillar, layout_loops_ring, serial_shops,
          nicolae_shop_getting_attention, nicolae_grassy_gnolls

Skill      XL: |  1 |
---------------+----+-----
Dodging        | 3 |  3.9
Fighting       | |  1.5
Ranged Weapons | |  4.0
Stealth        | |  1.5

Action                     || total
---------------------------++-------
   Fire: Shortbow          ||    25
 Armour: Robe              ||     7
  Dodge: Dodged            ||     7

Table legend:
 A = Non-vault XP
 B = Vault XP
 C = Vault XP percentage of total XP
 D = Non-vault monster count
 E = Vault monster count
 F = Vault count percentage of total count
                 A         B        C        D         E       F
            +---------+---------+-------+---------+---------+-------
      Total |      16 |       0 |   0.0 |      10 |       0 |   0.0
            +---------+---------+-------+---------+---------+-------
        D:1 |      16 |       0 |   0.0 |      10 |       0 |   0.0
            +---------+---------+-------+---------+---------+-------
